 Dungeon Crawl Stone Soup version 0.24.0-13-gcf9b319 (webtiles) character file.

Game seed: 16880986345099992093, levelgen mode: deterministic

102 Fortress the Conjurer (level 4, -1/33 HPs)
             Began as a Draconian Conjurer on Jan 25, 2020.
             Killed by divine providence
             ... invoked by an orc priest
              (9 damage)
             ... on level 3 of the Dungeon.
             The game lasted 00:07:50 (2584 turns).

Fortress the Conjurer (Draconian Conjurer)          Turns: 2584, Time: 00:07:52

Health: -1/33      AC:  6    Str: 10    XL:     4   Next: 50%
Magic:  0/8        EV: 12    Int: 19    God:
Gold:   152        SH:  0    Dex: 11    Spells: 8/9 levels left

rFire    . . .     SeeInvis .   g - +0 dagger (drain)
rCold    . . .     Gourm    .   (no shield)
rNeg     . . .     Faith    .   (armour unavailable)
rPois    .         Spirit   .   (helmet restricted)
rElec    .         Reflect  .   (no cloak)
rCorr    .         Harm     .   (no gloves)
MR       .....                  d - +0 pair of boots
Stlth    ++........             (no amulet)
HPRegen  0.11/turn              c - +2 ring of intelligence
MPRegen  0.11/turn              (no ring)

@: no status effects
A: unfitting armour, cold-blooded, AC +5
a: no special abilities


You were on level 3 of the Dungeon.
You were hungry.

You visited 1 branch of the dungeon, and saw 3 of its levels.

You collected 152 gold pieces.

Inventory:

Hand Weapons
 g - a +0 dagger of draining (weapon)
Missiles
 n - 6 boomerangs of dispersal (quivered)
Armour
 d - a +0 pair of boots (worn)
Jewellery
 c - a +2 ring of intelligence (left hand)
 f - an uncursed ring of see invisible {unknown}
Wands
 h - a wand of digging (3)
Scrolls
 a - 2 scrolls of remove curse {unknown}
 e - a scroll of identify {unknown}
 j - a scroll of magic mapping {unknown}
 p - a scroll of enchant armour {unknown}
Potions
 i - 2 potions of curing {unknown}
 k - a potion of resistance {unknown}
 l - a potion of brilliance {unknown}
 m - a potion of flight {unknown}
 o - a potion of agility {unknown}
Comestibles
 b - 5 rations


   Skills:
 - Level 2.0 Dodging
 - Level 2.0 Stealth
 - Level 0.1 Unarmed Combat
 + Level 3.1 Spellcasting
 + Level 5.1 Conjurations


You had 8 spell levels left.
You knew the following spells:

 Your Spells              Type           Power        Failure   Level  Hunger
a - Magic Dart            Conj           ###.         1%          1    None

Your spell library contained the following spells:

 Spells                   Type           Power        Failure   Level  Hunger
 Searing Ray              Conj           ###...       2%          2    ##.....
 Dazzling Spray           Conj/Hex       ##....       16%         3    ###....
 Iskenderun's Mystic Bla  Conj           ###.....     19%         4    ####...
 Force Lance              Conj/Tloc      ##......     45%         4    ####...
 Fulminant Prism          Conj/Hex       ##........   45%         4    ####...


Dungeon Overview and Level Annotations

Branches:
Dungeon (3/15)

Altars:
Sif Muna
Trog


Innate Abilities, Weirdness & Mutations

Your plain brown scales are hard. (AC +5)
You cannot fit into any form of body armour.
You are cold-blooded and may be slowed by cold attacks.


Message History

Aim: an orc priest, wielding a +0 dagger The magic dart hits the orc priest.
The orc priest is moderately wounded.
The giant cockroach closely misses you. The orc priest closely misses you.
You barely miss the orc priest. You tail-slap the orc priest.
The orc priest is heavily wounded.
The giant cockroach bites you but does no damage.
The orc priest hits you but does no damage.
You hit the orc priest.
Your tail-slap misses the orc priest.
The orc priest is heavily wounded.
The giant cockroach barely misses you. The giant cockroach closely misses you.
The orc priest hits you with a +0 dagger.
* * * LOW HITPOINT WARNING * * *
You hit the orc priest but do no damage.
You drain the orc priest.
The orc priest is severely wounded.
The giant cockroach bites you but does no damage.
The orc priest mumbles some strange prayers to Beogh against you.
Beogh smites you!
You die...

#...# #.# #.#
#...#####.# #.#
#.........# #.#
#..######## #.# #..#
#.# #..# #.#
.#.###..##### #.#
............# #.#
..####)@###.########.#
#os# #..........# #..#
############ #..# .).#
....# ....# .....#


You could see an orc priest and a giant cockroach.

Vanquished Creatures
  4 adders
  A dart slug (D:2)
  2 leopard geckos (D:2)
  3 orcs (D:3)
  A ball python (D:1)
  2 giant cockroaches (D:2)
  5 goblins
  7 hobgoblins
  6 jackals
  5 kobolds
  10 bats
  4 frilled lizards
  8 rats
58 creatures vanquished.

Notes
Turn   | Place    | Note
-------+----------+-------------------------------------------
     0 | D:1      | Fortress the Draconian Conjurer began the quest for the
                  | Orb.
     0 | D:1      | Reached XP level 1. HP: 14/14 MP: 3/3
   139 | D:1      | Reached XP level 2. HP: 2/20 MP: 0/5
  1152 | D:2      | Reached XP level 3. HP: 26/26 MP: 4/6
  1266 | D:2      | Found a shimmering blue altar of Sif Muna.
  1985 | D:2      | Reached XP level 4. HP: 33/33 MP: 6/8
  2004 | D:2      | Reached skill level 5 in Conjurations
  2151 | D:2      | Found a bloodstained altar of Trog.
  2584 | D:3      | Killed from afar by an orc priest

Levels and vault maps discovered:
D:1:      minmay_arrival_checkered_box, layout_loops_ring
D:2:      minmay_alternating_diamond, layout_loops_ring,
          overflow_temple_1_default, trog_book
D:3:      layout_loops_ring, nicolae_overflow_crystal_walls, marbit_many_paths,
          first_ration, serial_rivers, chequers_serial_rivers_micro_b,
          chequers_serial_rivers_micro_c, chequers_serial_rivers_room_b,
          chequers_serial_rivers_room_a

Skill      XL: |  1  2  3  4 |
---------------+-------------+-----
Stealth        | 2 |  2.0
Conjurations   | 5 |  5.1
Spellcasting   | 3 |  3.1
Dodging        | 2 |  2.0
Unarmed Combat | |  0.1

Action                   |  1- 3 |  4- 6 || total
-------------------------+-------+-------++-------
Melee: Unarmed           |    41 |       ||    41
       Tailslap          |     6 |     2 ||     8
       Dagger            |     7 |     7 ||    14
 Cast: Magic Dart        |    88 |    36 ||   124
  Eat: Chunk             |     3 |     2 ||     5
Armor: Skin              |    19 |     6 ||    25
Dodge: Dodged            |    42 |     9 ||    51
